 Dungeon Crawl Stone Soup version 0.31-a0-986-g5e6e4ef867 (webtiles) character file.

Game seed: 17898481100538868989

182 Danienth the Shooter (level 5, -9/40 HPs)
             Began as a Human Wanderer on Nov 7, 2023.
             Was an Elder of Cheibriados.
             Mangled by an ice beast (11 damage)
             ... on level 6 of the Dungeon.
             The game lasted 00:08:12 (1720 turns).

Danienth the Shooter (Human Wanderer)               Turns: 1720, Time: 00:08:13

Health: -9/40      AC:  6    Str: 19    XL:     5   Next: 93%
Magic:  3/6        EV: 12    Int: 22    God:    Cheibriados [****..]
Gold:   76         SH:  9    Dex: 25    Spells: 5/6 levels left

rFire   . . .        a - +3 sling
rCold   . . .        g - +3 buckler
rNeg    . . .        d - +0 robe
rPois   .            b - +0 helmet
rElec   .            (no cloak)
rCorr   .            k - +2 pair of gloves
SInv    .            (no boots)
Will    .....        (no amulet)
Stlth   +++          (no ring)
HPRegen 0.26/turn    (no ring)
MPRegen 0.10/turn

%: no passive effects
@: very slow
A: no striking features
a: Renounce Religion, Bend Time, Temporal Distortion, Slouch


You were on level 6 of the Dungeon.
You worshipped Cheibriados.
Cheibriados was greatly pleased with you.
You visited 1 branch of the dungeon, and saw 4 of its levels.

You collected 76 gold pieces.

Inventory:

Hand Weapons
 a - a +3 sling (weapon)
Armour
 b - a +0 helmet (worn)
 d - a +0 robe (worn)
 g - a +3 buckler (worn)
 k - a +2 pair of gloves (worn)
Scrolls
 c - 2 scrolls of butterflies
 e - a scroll of immolation
 h - a scroll of amnesia {unknown}
 i - a scroll of teleportation
 m - a scroll of fog
Potions
 f - a potion of curing {unknown}
 j - a potion of might {unknown}
 l - a potion of degeneration {unknown}


   Skills:
 + Level 2.9 Fighting
 * Level 3.7 Ranged Weapons
 + Level 1.8 Dodging
 * Level 3.0 Stealth
 + Level 1.2 Shields
 - Level 1.0 Spellcasting
 - Level 2.0 Transmutations
 - Level 1.0 Evocations


You had 5 spell levels left.
You knew the following spells:

 Your Spells              Type           Power      Damage    Failure   Level
a - Sting                 Tmut/Pois      20%        1d4       13%         1

Your spell library contained the following spells:

 Spells                   Type           Power      Damage    Failure   Level
 Ensorcelled Hibernation  Hex/Ice        2%         N/A       28%         2
 Jinxbite                 Hex            2%         N/A       28%         2
 Ignite Poison            Fire/Tmut/Pois 4%         N/A       41%         3
 Anguish                  Hex/Necr       0%         N/A       88%         4


Dungeon Overview and Level Annotations

Branches:
Dungeon (3/15)

Altars:
Cheibriados

Shops:
D:6 :


Message History

You shoot a sling bullet.
The sling bullet barely misses the ice beast.
You block the ice beast's attack.
Fire: a) +3 sling
Press: ? - help, Shift-Dir - straight line, f/p - ice beast
Aim: an ice beast (heavily wounded, 67% to hit)
You shoot a sling bullet. The sling bullet hits the ice beast.
The ice beast is heavily wounded.
You block the ice beast's attack.
Fire: a) +3 sling
Press: ? - help, Shift-Dir - straight line, f/p - ice beast
Aim: an ice beast (heavily wounded, 67% to hit)
You shoot a sling bullet.
The sling bullet hits the ice beast but does no damage.
The ice beast is heavily wounded.
The ice beast hits you but does no damage.
Your magical contamination has completely faded away.
Fire: a) +3 sling
Press: ? - help, Shift-Dir - straight line, f/p - ice beast
Aim: an ice beast (heavily wounded, 67% to hit)
You shoot a sling bullet. The sling bullet hits the ice beast.
The ice beast is severely wounded.
The ice beast barely misses you. The ice beast misses you.
Fire: a) +3 sling
Press: ? - help, Shift-Dir - straight line, f/p - ice beast
Aim: an ice beast (severely wounded, 67% to hit)
You shoot a sling bullet.
The sling bullet barely misses the ice beast.
The ice beast hits you. The ice beast freezes you!
* * * LOW HITPOINT WARNING * * *
Fire: a) +3 sling
Press: ? - help, Shift-Dir - straight line, f/p - ice beast
Aim: an ice beast (severely wounded, 67% to hit)
You shoot a sling bullet.
The sling bullet hits the ice beast but does no damage.
The ice beast is severely wounded.
The ice beast hits you.
* * * LOW HITPOINT WARNING * * *
The ice beast freezes you!
You die...

.#≈≈≈. .≈≈⌠. #...∩
##≈≈⌠.⌠≈≈ . ###.≈≈≈.≈≈ ##
.. ....#≈≈.≈ .
...#......#######.#
##.##..../..Y@..#.#
#.......#######...##...
#.#......## #.........#
#.####.#..###.##..##.##
####.#..................#
.......#..##..............
#.######.....#######...###
#.###....##### ...#
......##.# ...#


You could see an ice beast.

Vanquished Creatures
  A bullfrog (D:6)
  A jelly (D:6)
  An adder (D:2)
  2 worms (D:2)
  A dart slug (D:1)
  5 endoplasms
  2 giant cockroaches
  4 goblins
  6 hobgoblins
  11 jackals
  6 kobolds
  3 quokkas
  8 ball pythons
  8 bats
  2 frilled lizards (D:2)
  7 rats
68 creatures vanquished.

Notes
Turn   | Place    | Note
-------+----------+-------------------------------------------
     0 | D:1      | Danienth the Human Wanderer began the quest for the Orb.
     0 | D:1      | Danienth set off with the following items: a +2 sling, a +0
                  | helmet, a scroll of butterflies, a +0 robe; and the
                  | following spell memorised: Sting; and the following spells
                  | available to memorise: Ignite Poison.
     0 | D:1      | Reached XP level 1. HP: 16/16 MP: 2/2
    34 | D:1      | Found a faded altar of an unknown god.
    42 | D:1      | Prayed at the altar of an unknown god.
    42 | D:1      | Became a worshipper of Cheibriados the Contemplative
    42 | D:1      | Reached * piety under Cheibriados
   136 | D:1      | Reached XP level 2. HP: 22/22 MP: 3/3
   187 | D:1      | Reached ** piety under Cheibriados
   293 | D:1      | Reached XP level 3. HP: 28/28 MP: 4/4
  1020 | D:2      | Reached XP level 4. HP: 34/34 MP: 5/5
  1025 | D:2      | Reached *** piety under Cheibriados
  1620 | D:3      | Reached **** piety under Cheibriados
  1645 | D:3      | You fall into a shaft and drop 3 floors!
  1682 | D:6      | Reached XP level 5. HP: 39/39 MP: 6/6
  1697 | D:6      | Found Ymmeb's Self-Improvement Boutique.
  1697 | D:6      | Noticed an ice beast
  1699 | D:6      | Noticed a bullfrog
  1711 | D:6      | Killed a bullfrog
  1712 | D:6      | Reached skill level 1 in Shields
  1720 | D:6      | HP: 2/40 [ice beast (3)]
  1720 | D:6      | Mangled by an ice beast

Illustrated notes

Levels and vault maps discovered:
D:1:      saegor_arrival_miasma, layout_basic, ebering_ecumenical_altar_webs
D:2:      layout_loops_ring, nrook_campfire
D:3:      layout_loops_ring, lightli_temple_of_fire
D:6:      layout_rooms, nicolae_shop_self_help

Skill      XL: |  1  2  3  4  5 |
---------------+----------------+-----
Ranged Weapons | 3 |  3.7
Stealth        | 2 3 |  3.0
Shields        | 1 |  1.2
Fighting       | |  2.9
Dodging        | |  1.8
Spellcasting   | |  1.0
Transmutations | |  2.0
Evocations     | |  1.0

Action                     |  1- 3 |  4- 6 || total
---------------------------+-------+-------++-------
   Fire: Sling             |    80 |    72 ||   152
   Cast: Sting             |       |     1 ||     1
 Invoke: Bend Time         |       |     1 ||     1
    Use: Scroll            |     5 |     2 ||     7
 Armour: Robe              |    22 |    21 ||    43
  Dodge: Dodged            |    29 |    20 ||    49
  Block: Buckler           |    10 |    12 ||    22

Table legend: (Time is in decaauts)
 A = Elapsed time spent in this place.
 B = Non-inter-level travel time spent in this place.
 C = Inter-level travel time spent in this place.
 D = Time resting spent in this place.
 E = Time spent auto-exploring this place.
 F = Levels seen in this place.
 G = Mean time per level.
                   A        B        C        D        E       F      G
               +--------+--------+--------+--------+--------+-----+--------+
         Total |   2557 |   2493 |     64 |      0 |   2130 |   4 |  639.2 |
       Dungeon |   2557 |   2493 |     64 |      0 |   2130 |   4 |  639.2 |
               +--------+--------+--------+--------+--------+-----+--------+

Top non-repeatable levels by time:
     D:1: 1269 daAuts
     D:2: 1006 daAuts
     D:3: 166 daAuts
     D:6: 114 daAuts
